 Dungeon Crawl Stone Soup version 0.28-a0-1190-g77e1c55843 (webtiles) character file.

Game seed: 17236935600203518148

7 Decritt the Skirmisher (level 2, -3/20 (27) HPs)
             Began as a Hill Orc Fighter on Dec 18, 2021.
             Slain by a quokka (4 damage)
             ... on level 1 of the Dungeon.
             The game lasted 00:00:46 (185 turns).

Decritt the Skirmisher (Hill Orc Fighter)            Turns: 185, Time: 00:00:47

HP:   -3/20 (27)    AC:  6    Str: 18    XL:     2   Next: 4%
MP:   2/2           EV:  9    Int:  8    God:
Gold: 0             SH:  4    Dex: 10    Spells: 1/1 levels left

rFire   . . .      SeeInvis .   e - +2 whip (elec)
rCold   . . .      Faith    .   c - +0 buckler
rNeg    . . .      Spirit   .   b - +0 scale mail
rPois   .          Reflect  .   (no helmet)
rElec   .          Harm     .   (no cloak)
rCorr   .          Rampage  .   (no gloves)
Will    .....                   (no boots)
Stlth   ..........              (no amulet)
HPRegen 0.06/turn               (no ring)
MPRegen 0.08/turn               (no ring)

@: mighty, very heavily drained
A: no striking features
a: no special abilities


You were on level 1 of the Dungeon.
You visited 1 branch of the dungeon, and saw 1 of its levels.

Inventory:

Hand Weapons
 a - a +0 war axe
 e - a +2 whip of electrocution (weapon)
Armour
 b - a +0 scale mail (worn)
 c - a +0 buckler (worn)
Potions
 d - a potion of might


   Skills:
 * Level 3.9 Fighting
 * Level 3.1 Axes
 + Level 3.3 Armour
 + Level 3.3 Shields


You had one spell level left.
You didn't know any spells.
Your spell library was empty.

Dungeon Overview and Level Annotations

Branches:
Dungeon (1/15)

Altars:


Message History

You block the quokka's attack.
You hit the kobold but do no damage. The quokka bites you.
* * * LOW HITPOINT WARNING * * *
The kobold barely misses you.
You are too injured to fight recklessly!
Unknown command.
You are too injured to fight recklessly!
You completely miss the quokka. You block the quokka's attack.
You block the kobold's attack.
You barely miss the quokka. The quokka barely misses you.
The kobold closely misses you.
The quokka bites you but does no damage.
You hit the kobold.
The kobold is moderately wounded.
The quokka bites you.
* * * LOW HITPOINT WARNING * * *
The kobold barely misses you.
You closely miss the kobold.
The kobold is moderately wounded.
The quokka barely misses you. The kobold hits you but does no damage.
You feel drained. The quokka closely misses you.
You barely miss the kobold.
The kobold is moderately wounded.
The kobold hits you with a +2 whip of draining.
* * * LOW HITPOINT WARNING * * *
You feel drained.
* * * LOW HITPOINT WARNING * * *
The quokka twitches its whiskers.
You block the quokka's attack.
You miss the kobold.
The kobold is moderately wounded.
You block the kobold's attack. The quokka bites you.
* * * LOW HITPOINT WARNING * * *
The kobold throws a stone.
The stone hits you but does no damage.
You see here a bubbling coppery potion.
You block the quokka's attack.
Unknown command.
You feel very mighty all of a sudden. The quokka bites you.
You die...

#.###...........#.#
#.#.##...###....(.##
..###.......#......########
###.#..).............'.....#
#................##..#..#
#..[.......##+#####..#..#
#.###......# #..<..# #.
#....#.# #.....# #. #....#@#
####### #. #....Kr##
#....!..###.# #...........#
#.......##### #...)..##
#.##.#.# #. #.#.# #. #.#.#


You could see a quokka and a kobold.

Vanquished Creatures
  2 endoplasms (D:1)
  A quokka (D:1)
  A ball python (D:1)
  A bat (D:1)
  2 kobolds (D:1)
  A rat (D:1)
8 creatures vanquished.

Notes
Turn   | Place    | Note
-------+----------+-------------------------------------------
     0 | D:1      | Decritt the Hill Orc Fighter began the quest for the Orb.
     0 | D:1      | Reached XP level 1. HP: 19/19 MP: 1/1
   169 | D:1      | Reached XP level 2. HP: 22/26 MP: 2/2
   181 | D:1      | HP: 1/20 [quokka (2)]
   185 | D:1      | Slain by a quokka

Illustrated notes

Levels and vault maps discovered:
D:1:      dpeg_arrival_rooms_b, layout_loops_ring,
          shapermc_ecumenical_altar_petra

Skill      XL: |  1 |
---------------+----+-----
Axes           | 3 |  3.1
Fighting       | |  3.9
Armour         | |  3.3
Shields        | |  3.3

Action                   || total
-------------------------++-------
Melee: War axe           ||     8
       Whip              ||    14
  Use: Potion            ||     1
Armor: Scale mail        ||     9
Dodge: Dodged            ||    11
Block: Buckler           ||    11

Table legend: (Time is in decaauts)
 A = Elapsed time spent in this place.
 B = Non-inter-level travel time spent in this place.
 C = Inter-level travel time spent in this place.
 D = Time resting spent in this place.
 E = Time spent auto-exploring this place.
 F = Levels seen in this place.
 G = Mean time per level.
                   A        B        C        D        E       F      G
               +--------+--------+--------+--------+--------+-----+--------+
         Total |    188 |    188 |      0 |      0 |    134 |   1 |  188.0 |
       Dungeon |    188 |    188 |      0 |      0 |    134 |   1 |  188.0 |
               +--------+--------+--------+--------+--------+-----+--------+

Top non-repeatable levels by time:
     D:1: 188 daAuts
